 Dungeon Crawl Stone Soup version 0.25-a0-1133-g93ebf73 (webtiles) character file.

Game seed: 7658250966223800538, levelgen mode: deterministic

26 Faca the Cutter (level 3, -1/26 HPs)
             Began as a Halfling Fighter on May 20, 2020.
             Slain by a worm (3 damage)
             ... on level 2 of the Dungeon.
             The game lasted 00:01:34 (1013 turns).

Faca the Cutter (Halfling Fighter)                  Turns: 1013, Time: 00:01:34

Health: -1/26      AC:  6    Str: 18    XL:     3   Next: 22%
Magic:  3/3        EV:  9    Int:  6    God:
Gold:   82         SH:  9    Dex: 13    Spells: 2/2 levels left

rFire    . . .     SeeInvis .   a - +0 rapier
rCold    . . .     Gourm    .   c - +0 kite shield
rNeg     . . .     Faith    .   b - +0 scale mail
rPois    .         Spirit   .   (no helmet)
rElec    .         Reflect  .   (no cloak)
rCorr    .         Harm     .   (no gloves)
MR       .....                  (no boots)
Stlth    ..........             (no amulet)
HPRegen  0.08/turn              (no ring)
MPRegen  0.08/turn              (no ring)

@: no status effects
A: small, mutation resistance 1
a: no special abilities


You were on level 2 of the Dungeon.
You were not hungry.

You visited 1 branch of the dungeon, and saw 2 of its levels.

You collected 82 gold pieces.

Inventory:

Hand Weapons
 a - a +0 rapier (weapon)
Armour
 b - a +0 scale mail (worn)
 c - a +0 kite shield (worn)
Jewellery
 k - an uncursed ring of fire
Scrolls
 e - 2 scrolls of identify
 h - a scroll of random uselessness {unknown}
Potions
 d - a potion of might
 l - a potion of curing
Comestibles
 f - 4 rations
 g - 6 chunks of flesh


   Skills:
 + Level 3.2 Fighting
 + Level 3.4 Short Blades
 - Level 3.2 Armour
 - Level 3.2 Shields


You had 2 spell levels left.
You didn't know any spells.
Your spell library was empty.

Dungeon Overview and Level Annotations

Branches:
Dungeon (2/15)

Altars:
Trog


Innate Abilities, Weirdness & Mutations

You are small and have problems with some larger weapons.
You are somewhat resistant to further mutation.


Message History

You hit the worm.
The worm is lightly wounded.
You block the worm's attack.
You hit the worm.
The worm is lightly wounded.
The worm bites you.
You puncture the worm!
The worm is moderately wounded.
The worm bites you!
* * * LOW HITPOINT WARNING * * *
You hit the worm.
The worm is moderately wounded.
You block the worm's attack.
You hit the worm.
The worm is heavily wounded.
You block the worm's attack.
Your shield and scale mail prevent you from hitting the worm.
The worm is heavily wounded.
The worm bites you.
You die...

#...........!..
###########..####...
######............####...
###....##.........#.#......
##.......##........#......##
#.........#........##.....#
##)...#....##.......+......#
#....###..r##.......###.##.#
#)._.#y#..ww@.........#.##.#
#)...###...##...........##.#
#....#....##...........##.##
#.........##............#...
##)......###............#...
###....## ######+#+##......
###### #...... #.#....
...#....


You could see a moth of wrath, 2 worms and a rat.

Vanquished Creatures
  A dart slug (D:1)
  A giant cockroach (D:1)
  4 goblins
  3 hobgoblins
  2 jackals (D:1)
  A kobold (D:2)
  3 bats (D:1)
  5 frilled lizards
  5 rats
25 creatures vanquished.

Notes
Turn   | Place    | Note
-------+----------+-------------------------------------------
     0 | D:1      | Faca the Halfling Fighter began the quest for the Orb.
     0 | D:1      | Reached XP level 1. HP: 15/15 MP: 1/1
   138 | D:1      | Reached XP level 2. HP: 17/20 MP: 2/2
   827 | D:2      | Reached XP level 3. HP: 24/26 MP: 3/3
   985 | D:2      | Noticed a moth of wrath
   987 | D:2      | Found a bloodstained altar of Trog.
  1010 | D:2      | HP: 1/26 [worm (12)]
  1013 | D:2      | Slain by a worm

Illustrated notes

Levels and vault maps discovered:
D:1:      moated_graveyard_arrival, layout_basic
D:2:      layout_basic, tgw_trog

Skill      XL: |  1  2 |
---------------+-------+-----
Fighting       | 3 |  3.2
Short Blades   | 3 |  3.4
Armour         | |  3.2
Shields        | |  3.2

Action                   || total
-------------------------++-------
Melee: Rapier            ||    87
  Use: Scroll            ||     3
Armor: Scale mail        ||    33
Dodge: Dodged            ||    22
Block: Kite shield       ||    47

Table legend:
 A = Non-vault XP
 B = Vault XP
 C = Vault XP percentage of total XP
 D = Non-vault monster count
 E = Vault monster count
 F = Vault count percentage of total count
                 A         B        C        D         E       F
            +---------+---------+-------+---------+---------+-------
      Total |      36 |       2 |   5.3 |      23 |       2 |   8.0
            +---------+---------+-------+---------+---------+-------
        D:1 |      24 |       0 |   0.0 |      15 |       0 |   0.0
        D:2 |      12 |       2 |  14.3 |       8 |       2 |  20.0
            +---------+---------+-------+---------+---------+-------
